 Seeded DCSS version 0.30-a0-364-gf6b3ef1049 (webtiles) character file.

Game seed: 15267933825853563579 (custom seed)

10 purpskrrrp the Trooper (level 2, 0/24 HPs)
             Began as a Merfolk Fighter on Nov 15, 2022.
             Slain by a rat (2 damage)
             ... on level 1 of the Dungeon.
             The game lasted 00:00:46 (112 turns).

purpskrrrp the Trooper (Merfolk Fighter)             Turns: 112, Time: 00:00:47

Health: 0/24       AC:  6    Str: 16    XL:     2   Next: 20%
Magic:  2/2        EV:  9    Int:  7    God:
Gold:   0          SH:  4    Dex: 13    Spells: 1/1 levels left

rFire   . . .      SeeInvis .    a - +0 trident
rCold   . . .      Faith    .    c - +0 buckler
rNeg    . . .      Spirit   .    b - +0 scale mail
rPois   .          Reflect  .    (no helmet)
rElec   .          Harm     .    (no cloak)
rCorr   .          Rampage  .    (no gloves)
Will    .....                    (no boots)
Stlth   ..........               (no amulet)
HPRegen 0.24/turn                (no ring)
MPRegen 0.08/turn                (no ring)

@: mighty
A: (nimble swimmer 2), mertail
a: no special abilities


You were on level 1 of the Dungeon.
You visited 1 branch of the dungeon, and saw 1 of its levels.

Inventory:

Hand Weapons
 a - a +0 trident (weapon)
Armour
 b - a +0 scale mail (worn)
 c - a +0 buckler (worn)
Potions
 e - a potion of heal wounds {unknown}


   Skills:
 + Level 3.5 Fighting
 + Level 3.0 Polearms
 - Level 2.1 Armour
 + Level 1.0 Dodging
 + Level 3.1 Shields


You had one spell level left.
You didn't know any spells.
Your spell library was empty.

Dungeon Overview and Level Annotations

Branches:
Dungeon (1/15)

Altars:


Innate Abilities, Weirdness & Mutations

((You are very nimble when in or above water. (Stealth+, EV+, Speed+++)))
Your lower body shifts to a powerful aquatic tail in water.


Message History

You are too injured to fight recklessly!
You are too injured to fight recklessly!
You are too injured to fight recklessly!
You are too injured to fight recklessly!
You are too injured to fight recklessly!
You are too injured to fight recklessly!
You are too injured to fight recklessly!
You are too injured to fight recklessly!
You are too injured to fight recklessly!
You are too injured to fight recklessly!
You are too injured to fight recklessly!
You are too injured to fight recklessly!
You are too injured to fight recklessly!
You are too injured to fight recklessly!
You are too injured to fight recklessly!
You hit the dart slug.
The dart slug is heavily wounded.
The giant cockroach bites you but does no damage.
The dart slug misses you. The rat bites you but does no damage.
The endoplasm freezes you.
You are frozen.
You hit the dart slug but do no damage.
The dart slug is heavily wounded.
The giant cockroach bites you but does no damage.
You block the rat's attack. The endoplasm barely misses you.
The giant cockroach closely misses you. The dart slug bites you.
You hit the dart slug.
You kill the dart slug!
The giant cockroach barely misses you. The endoplasm freezes you.
You are frozen.
The rat bites you.
* * * LOW HITPOINT WARNING * * *
Your Dodging skill increases to level 1!
You feel very mighty all of a sudden.
The giant cockroach bites you but does no damage.
The endoplasm freezes you.
You are frozen.
* * * LOW HITPOINT WARNING * * *
The rat bites you.
You die...

....<....#..# #.....#
#.......#..## #.....♣
.#.....#..... #....♣PP..#
..#####..#.#.##...♣P♣JP.#
#. ..# #.##.##..♣.P♣# .
#...#....# .♣.P..#
##.#....# #.♣♣^##
.....##J######## #.###
#.@†.....# # #.Br.....#
#........# #........#
#........# #........#
#........# .........#


You could see an endoplasm, a giant cockroach and a rat.

Vanquished Creatures
  A dart slug (D:1)
  A bat (D:1)
  2 endoplasms (D:1)
  A giant cockroach (D:1)
  A quokka (D:1)
  A ball python (D:1)
7 creatures vanquished.

Vanquished Creatures (others)
  2 withered plants (D:1)
2 creatures vanquished.

Grand Total: 9 creatures vanquished

Notes
Turn   | Place    | Note
-------+----------+-------------------------------------------
     0 | D:1      | purpskrrrp the Merfolk Fighter began the quest for the Orb.
     0 | D:1      | Reached XP level 1. HP: 18/18 MP: 1/1
    84 | D:1      | Reached XP level 2. HP: 24/24 MP: 2/2
    86 | D:1      | Found a faded altar of an unknown god.
   112 | D:1      | Reached skill level 1 in Dodging
   112 | D:1      | Slain by a rat

Illustrated notes

Levels and vault maps discovered:
D:1:      scummos_arrival_hexagon, layout_basic,
          ebering_ecumenical_altar_petrified

Skill      XL: |  1  2 |
---------------+-------+-----
Polearms       | 3 |  3.0
Dodging        | 1 |  1.0
Fighting       | |  3.5
Armour         | |  2.1
Shields        | |  3.1

Action                   || total
-------------------------++-------
Melee: Trident           ||    24
  Use: Potion            ||     1
Armor: Scale mail        ||    21
Dodge: Dodged            ||    22
Block: Buckler           ||     9

Table legend: (Time is in decaauts)
 A = Elapsed time spent in this place.
 B = Non-inter-level travel time spent in this place.
 C = Inter-level travel time spent in this place.
 D = Time resting spent in this place.
 E = Time spent auto-exploring this place.
 F = Levels seen in this place.
 G = Mean time per level.
                   A        B        C        D        E       F      G
               +--------+--------+--------+--------+--------+-----+--------+
         Total |    116 |    116 |      0 |      0 |     62 |   1 |  116.0 |
       Dungeon |    116 |    116 |      0 |      0 |     62 |   1 |  116.0 |
               +--------+--------+--------+--------+--------+-----+--------+

Top non-repeatable levels by time:
     D:1: 116 daAuts
